 Dungeon Crawl Stone Soup version 0.20-a0-613-g92415a4 (webtiles) character file.

7279 nikopol the Cleaver (level 10, -2/88 (90) HPs)
             Began as a Minotaur Berserker on Feb 8, 2017.
             Was a High Priest of Trog.
             Slain by a skeletal warrior
             ... wielding a +0 glaive
              (25 damage)
             ... on level 9 of the Dungeon.
             The game lasted 00:29:31 (10523 turns).

nikopol the Cleaver (Minotaur Berserker)           Turns: 10523, Time: 00:29:31

HP:   -2/88 (90)    AC: 11    Str: 23    XL:     10   Next: 89%
MP:   9/9           EV: 12    Int:  4    God:    Trog [*****.]
Gold: 205           SH:  0    Dex: 12    Spells: 9/9 levels left

rFire    . . .     SeeInvis .   a - +4 war axe (freeze)
rCold    . . .     Gourm    .   k - +0 chain mail
rNeg     + . .     Faith    .   (no shield)
rPois    .         Spirit   .   (helmet restricted)
rElec    .         Reflect  .   (no cloak)
rCorr    .         Harm     .   (no gloves)
MR       .....                  (no boots)
Stlth    ..........             (no amulet)
Regen    0.3/turn               M - ring of positive energy
                                K - ring of flight

@: no status effects
A: retaliatory headbutt, horns 2
a: Berserk, Trog's Hand, Brothers in Arms, Burn Spellbooks, Renounce Religion,
Evoke Flight


You were on level 9 of the Dungeon.
You worshipped Trog.
Trog was extremely pleased with you.
You were hungry.

You visited 1 branch of the dungeon, and saw 9 of its levels.
You also visited: Ossuary.

You collected 509 gold pieces.
You spent 304 gold pieces at shops.

Inventory:

Hand Weapons
 a - a +4 war axe of freezing (weapon)
 z - a +0 shortbow
 N - a +2 vampiric battleaxe
Missiles
 f - 150 arrows (quivered)
Armour
 k - a +0 chain mail (worn)
Jewellery
 b - a cursed amulet of inaccuracy {unknown}
 K - a ring of flight (left hand)
 M - a ring of positive energy (right hand)
Wands
 s - a wand of scattershot (2/9)
 u - a wand of digging (5/24)
Scrolls
 d - 3 scrolls of fog
 e - 10 scrolls of identify
 j - 3 scrolls of teleportation
 l - 3 scrolls of fear {unknown}
 m - 5 scrolls of recharging {unknown}
 o - a scroll of brand weapon {unknown}
 p - 3 scrolls of enchant armour {unknown}
 q - a scroll of noise {unknown}
 r - 4 scrolls of magic mapping {unknown}
 v - 2 scrolls of random uselessness {unknown}
 x - a scroll of blinking {unknown}
 y - 7 scrolls of remove curse {unknown}
 F - 3 scrolls of enchant weapon {unknown}
Potions
 h - 4 potions of lignification {unknown}
 n - 3 potions of curing
 t - a potion of degeneration {unknown}
 w - 3 potions of haste {unknown}
 B - a potion of invisibility {unknown}
 C - 3 potions of brilliance {unknown}
 D - a potion of berserk rage {unknown}
 E - 2 potions of flight {unknown}
 H - a potion of magic {unknown}
 L - a potion of might {unknown}
Comestibles
 c - 7 bread rations
 g - 2 royal jellies
 i - 5 fruits
 A - 3 meat rations
 G - 4 chunks of flesh


   Skills:
 + Level 8.9 Fighting
 * Level 11.1 Axes
 * Level 8.1 Bows
 + Level 9.0 Armour
 + Level 8.2 Dodging


You had 9 spell levels left.
You didn't know any spells.

Dungeon Overview and Level Annotations

Branches:
Dungeon (9/15)             Temple (0/1) D:7
   Lair: D:8-11         Orc: D:9-12

Altars:
Dithmenos
Hepliaklqana
Kikubaaqudgha
Qazlal
Sif Muna
Uskayaw
Xom

Shops:
D:7 !   D:8 *


Innate Abilities, Weirdness & Mutations

You reflexively headbutt those who attack you in melee.
You have a pair of horns on your head.


Message History

You closely miss the death knight. You headbutt the death knight.
The death knight is moderately wounded.
You slice the death knight!! You freeze the death knight.
You headbutt the death knight.
The death knight is severely wounded.
The death knight offers itself to Yredelemnul, and fills with unholy energy.
A skeletal warrior comes into view. It is wielding a glaive.
You slash the death knight! You freeze the death knight!
The death knight is almost dead.
The death knight reflects your damage back at you!
You are feeling hungry.
The death knight completely misses you. You furiously retaliate!
You headbutt the death knight.
The death knight reflects your damage back at you!
You slash the death knight! You freeze the death knight.
The death knight is almost dead.
The death knight reflects your damage back at you!
* * * LOW HITPOINT WARNING * * *
The skeletal warrior hits you from afar with a glaive!!
You die...

### .(( #(# ##### #.#
#...####### .(.
####......# #z#
##.###.# ##p##
########.##.# ###.@.#
#....# #.##.#
#.##.#####.#####.##.#
#.##.##.##.##.##....#
#.............##.####
#[##.##.##.##.##.####
####.#####.##.##.....
#...[##...#########
########.#### #..
#.##.##.#####..


You could see a death knight and a skeletal warrior.

Vanquished Creatures
  The ghost of anet the Cutter, a journeyman HaWz of Ashenzari (D:9)
  A two-headed ogre (D:8)
  An unseen horror (D:9)
  Psyche (D:8)
  A gargoyle (D:9)
  A troll (D:9)
  2 hippogriffs
  Duvessa (D:4)
  3 phantoms
  An eye of draining (D:8)
  An ice beast (D:3)
  2 necrophages
  4 ogres
  3 centaurs
  A big kobold (D:9)
  2 bullfrogs (D:9)
  A wyvern zombie (D:7)
  Dowan (D:4)
  4 scorpions
  16 killer bees
  6 wights
  A howler monkey (D:5)
  2 bullfrog zombies
  3 crimson imps
  8 orc wizards
  2 centaur skeletons
  4 orc priests
  3 hounds
  Jessica (D:8)
  3 bullfrog skeletons
  3 iguanas
  5 worker ants
  8 big kobold zombies (Ossuary)
  2 hound zombies
  4 hound skeletons
  2 mummies
  6 gnolls
  12 adders
  3 shadow imps
  An adder skeleton (D:7)
  2 dart slugs
  10 leopard geckos
  29 orcs
  4 spectral bats (Ossuary)
  3 giant cockroaches
  5 goblins
  10 hobgoblins
  6 jackals
  9 kobolds
  4 quokkas
  2 ball pythons (D:3)
  13 bats
  5 bat simulacra (Ossuary)
  12 frilled lizards
  A giant cockroach zombie (D:5)
  4 gnoll zombies (Ossuary)
  4 goblin simulacra (Ossuary)
  4 goblin zombies (Ossuary)
  6 hobgoblin zombies (Ossuary)
  A jackal skeleton (D:4)
  4 kobold simulacra (Ossuary)
  5 kobold zombies (Ossuary)
  A leopard gecko skeleton (D:4)
  3 orc zombies (Ossuary)
  4 rats
  3 rat simulacra (Ossuary)
  A spectral goblin (Ossuary)
  3 spectral kobolds (Ossuary)
  2 spectral rats (Ossuary)
287 creatures vanquished.

Notes
Turn   | Place    | Note
-------+----------+-------------------------------------------
     0 | D:1      | nikopol the Minotaur Berserker began the quest for the Orb.
     0 | D:1      | Reached XP level 1. HP: 19/19 MP: 0/0
   186 | D:1      | Reached XP level 2. HP: 21/27 MP: 1/1
   786 | D:1      | Reached XP level 3. HP: 33/33 MP: 2/2
  1057 | D:2      | Reached ** piety under Trog
  1198 | D:2      | Reached skill level 4 in Axes
  1201 | D:2      | Reached XP level 4. HP: 23/41 MP: 3/3
  1661 | D:2      | Found a shimmering altar of Xom.
  1665 | D:2      | Found an ancient bone altar of Kikubaaqudgha.
  1665 | D:2      | Found a sparkling altar of Nemelex Xobeh.
  1668 | D:2      | Found a hide-covered altar of Uskayaw.
  1668 | D:2      | Found an ancient bone altar of Kikubaaqudgha.
  1668 | D:2      | Found a shadowy altar of Dithmenos.
  2248 | D:3      | Noticed an ice beast
  2254 | D:3      | Killed an ice beast
  2254 | D:3      | Reached XP level 5. HP: 47/47 MP: 4/4
  2400 | D:3      | Reached *** piety under Trog
  2677 | D:4      | Reached skill level 5 in Fighting
  2677 | D:4      | Reached skill level 5 in Axes
  2677 | D:4      | Reached XP level 6. HP: 47/56 MP: 5/5
  2996 | D:4      | Reached skill level 5 in Armour
  3481 | D:4      | Noticed Duvessa
  3481 | D:4      | Noticed Dowan
  3489 | D:4      | Killed Dowan
  3489 | D:4      | Reached XP level 7. HP: 55/62 MP: 6/6
  3499 | D:4      | Killed Duvessa
  4090 | D:5      | Entered Level 5 of the Dungeon
  4111 | D:5      | Reached skill level 6 in Axes
  4150 | D:5      | Found a shadowy altar of Dithmenos.
  4150 | D:5      | Found a stormy altar of Qazlal.
  4195 | D:5      | Reached **** piety under Trog
  4235 | D:5      | Reached skill level 1 in Bows
  4235 | D:5      | Reached skill level 5 in Dodging
  4798 | D:5      | Reached XP level 8. HP: 68/71 MP: 7/7
  4799 | D:5      | Reached skill level 7 in Axes
  5120 | D:6      | Found a sand-covered staircase.
  5128 | Ossuary  | Entered an ossuary
  5242 | Ossuary  | Reached ***** piety under Trog
  6004 | D:6      | Reached skill level 8 in Axes
  6317 | D:6      | Reached XP level 9. HP: 79/79 MP: 8/8
  6627 | D:6      | HP: 3/79 [poisoned by a worker ant]
  6635 | D:6      | HP: 3/79 [poisoned by a worker ant]
  7110 | D:7      | Received a gift from Trog
  7298 | D:7      | Reached skill level 9 in Axes
  7422 | D:7      | Found Zysaowk's Distillery.
  7491 | D:7      | Reached skill level 5 in Bows
  7871 | D:7      | Found a staircase to the Ecumenical Temple.
  7912 | D:8      | Noticed Psyche
  7921 | D:8      | Received a gift from Trog
  7929 | D:8      | Killed Psyche
  8134 | D:8      | Found Onkiottan's Assorted Antiques.
  8154 | D:8      | Bought a turquoise-encrusted chain mail for 304 gold pieces
  8164 | D:8      | Identified the +0 chain mail of Creativity {rElec rF+ Dex-5} (You bought it in a shop on level 8 of the Dungeon)
  8515 | D:8      | Noticed a two-headed ogre
  8520 | D:8      | Killed a two-headed ogre
  8520 | D:8      | Reached skill level 10 in Axes
  8520 | D:8      | Reached XP level 10. HP: 24/88 MP: 9/9
  8888 | D:8      | Noticed Jessica
  8899 | D:8      | Killed Jessica
  8901 | D:8      | Found a deep blue altar of Sif Muna.
  9171 | D:8      | Found a hazy altar of Hepliaklqana.
  9628 | D:9      | Noticed anet's ghost (journeyman HaWz)
  9667 | D:9      | Killed anet's ghost
 10006 | D:9      | Noticed a gargoyle
 10013 | D:9      | Killed a gargoyle
 10046 | D:9      | Killed an unseen horror
 10046 | D:9      | Reached skill level 11 in Axes
 10509 | D:9      | Noticed a death knight
 10522 | D:9      | Noticed a skeletal warrior
 10523 | D:9      | Slain by a skeletal warrior

Vault maps used:
D:1:      minmay_arrival_four_loops, minmay_tetromino_o4
D:2:      doesnt_xom_only_xom, grunt_decor_cap, kennysheep_generic_room_6
D:3:      first_bread
D:4:      item_on_display_b, uniq_duvessa
D:5:      wad_pebble_path, gammafunk_temple_overflow_wave,
          minmay_misc_feat_hallway, grunt_ministairs_9
D:6:      gup_ossuary_entry_pyramid
D:7:      minmay_temple_entry_fiery, serial_shops,
          nicolae_shop_temple_entry_statues_fountains, serial_bayou_pond_e
D:8:      tgw_sif, old_standard_altar, serial_shops, shop, uniq_psyche
D:9:      hangedman_cross_veins, lair_entry_dummy, hex_medium
Ossuary:  ossuary_zaba_two_paths

Skill      XL: |  1  2  3  4  5  6  7  8  9 10 |
---------------+-------------------------------+-----
Fighting       | 4 5 6 7 8 |  8.9
Armour         | 3 4 5 6 8 9 |  9.0
Axes           | 4 5 6 8 10 11 | 11.1
Dodging        | 3 4 5 6 7 8 |  8.2
Bows           | 1 4 6 8 |  8.1

Action                   |  1- 3 |  4- 6 |  7- 9 | 10-12 || total
-------------------------+-------+-------+-------+-------++-------
Melee: Hand axe          |    77 |   152 |   240 |       ||   469
       Headbutt          |    10 |    27 |    72 |    11 ||   120
       War axe           |       |       |    98 |    75 ||   173
       Shortbow          |       |       |     1 |     1 ||     2
 Fire: Shortbow          |       |       |   223 |    99 ||   322
Invok: Berserk           |       |       |     4 |       ||     4
  Use: Scroll            |       |       |     3 |       ||     3
  Eat: Chunk             |     1 |     7 |    17 |     7 ||    32
       Fruit             |       |       |     2 |       ||     2
Armor: Animal skin       |     3 |       |       |       ||     3
       Chain mail        |     6 |    78 |   191 |    56 ||   331
Dodge: Dodged            |    50 |    72 |   254 |    47 ||   423
